[Event "CZE-ch 2020"]
[Site "Pilsen"]
[Date "2020.08.26"]
[Round "4.2"]
[White "Laznicka, Viktor"]
[Black "Finek, Vaclav"]
[Result "1-0"]
[ECO "A11"]
[WhiteElo "2638"]
[BlackElo "2344"]
[Annotator "ChessBase"]
[PlyCount "105"]
[EventDate "2020.08.23"]
[EventType "swiss"]
[EventCountry "CZE"]
[SourceTitle "playchess.com"]
[Source "ChessBase"]
[SourceQuality "1"]
[TimeControl "40/5400+30:1800+30"]

1. c4 c6 2. Nf3 Nf6 3. b3 g6 4. Bb2 Bg7 5. g3 O-O 6. Bg2 d5 7. O-O Bg4 8. d3 Nbd7 9. Nbd2 a5 10. a3 Qb6 11. Rb1 Rac8 12. h3 Bxf3 13. Nxf3 Rfd8 14. Qc2 Qc7 15. Rfc1 Qd6 16. Qd2 b6 17. d4 Ne4 18. Qf4 Qf6 19. Qxf6 Bxf6 20. a4 e6 21. Rc2 dxc4 22. bxc4 Nd6 23. Ne5 Bxe5 24. dxe5 Nb7 25. Ba3 Nxe5 26. Rxb6 Rd1+ 27. Kh2 Nd6 28. Bxd6 Rxd6 29. f4 Nd7 30. Ra6 Rd4 31. Rxa5 Nb6 32. Ra6 Nxc4 33. Rxc6 Rxc6 34. Bxc6 Na5 35. Bb5 Rd8 36. Rc7 Ra8 37. Kg2 Nb3 38. e3 Rd8 39. g4 Kf8 40. g5 Rd1 41. Kf2 Rd8 42. Rc3 Na5 43. Kf3 Kg7 44. Rd3 Ra8 45. Ke4 Nb7 46. Kd4 Nd6 47. Kc5 Ne4+ 48. Kb6 h6 49. Bc6 Rb8+ 50. Kc7 Nc5 51. Kxb8 Nxd3 52. a5 f6 53. h4 1-0

[Event "CZE-ch 2020"]
[Site "Pilsen"]
[Date "2020.08.26"]
[Round "4.4"]
[White "Nguyen, Thai Dai Van"]
[Black "Orsag, Milan"]
[Result "1-0"]
[ECO "D34"]
[WhiteElo "2569"]
[BlackElo "2300"]
[Annotator "ChessBase"]
[PlyCount "55"]
[EventDate "2020.08.23"]
[EventType "swiss"]
[EventCountry "CZE"]
[SourceTitle "playchess.com"]
[Source "ChessBase"]
[SourceQuality "1"]
[TimeControl "40/5400+30:1800+30"]

1. d4 d5 2. c4 e6 3. Nc3 c5 4. cxd5 exd5 5. Nf3 Nc6 6. g3 Nf6 7. Bg2 Be7 8. O-O O-O 9. Bg5 cxd4 10. Nxd4 h6 11. Be3 Re8 12. Rc1 Bf8 13. a3 Bg4 14. Qb3 Na5 15. Qa2 Be6 16. Rfd1 Nc4 17. Nxe6 fxe6 18. Nxd5 Nxe3 19. Nxe3 Qb6 20. Nc4 Qb5 21. b4 Rad8 22. Rxd8 Rxd8 23. Na5 b6 24. Qxe6+ Kh7 25. Qc4 Qa4 26. Qb3 Qb5 27. Qc2+ Kh8 28. Nc6 1-0

[Event "CZE-ch 2020"]
[Site "Pilsen"]
[Date "2020.08.26"]
[Round "4.5"]
[White "Rabatin, Jakub"]
[Black "Polak, Tomas"]
[Result "0-1"]
[ECO "A47"]
[WhiteElo "2291"]
[BlackElo "2563"]
[Annotator "ChessBase"]
[PlyCount "72"]
[EventDate "2020.08.23"]
[EventType "swiss"]
[EventCountry "CZE"]
[SourceTitle "playchess.com"]
[Source "ChessBase"]
[SourceQuality "1"]
[TimeControl "40/5400+30:1800+30"]

1. Nf3 Nf6 2. d4 b6 3. c4 Bb7 4. Nc3 e6 5. a3 g6 6. d5 Bg7 7. e4 O-O 8. Bd3 d6 9. dxe6 fxe6 10. O-O Nbd7 11. Bc2 Nc5 12. Ng5 Nfd7 13. Qg4 Qf6 14. Nb5 Ne5 15. Qe2 h6 16. Nh3 a6 17. Nc3 Qh4 18. f4 Nc6 19. Be3 Nd4 20. Qd1 Nxc2 21. Qxc2 Rae8 22. Rad1 Bxc3 23. Bxc5 Bg7 24. Bf2 Qh5 25. c5 bxc5 26. e5 Bd5 27. Bg3 Qf5 28. Qe2 Rb8 29. Nf2 a5 30. Rd2 Rb3 31. Re1 h5 32. Rxd5 exd5 33. Qd1 Rxb2 34. Qxd5+ Kh8 35. Ne4 dxe5 36. fxe5 Re2 0-1

[Event "CZE-ch 2020"]
[Site "Pilsen"]
[Date "2020.08.26"]
[Round "4.9"]
[White "Hollan, Martin"]
[Black "Gloser, David"]
[Result "1-0"]
[ECO "A48"]
[WhiteElo "2346"]
[BlackElo "2248"]
[Annotator "ChessBase"]
[PlyCount "63"]
[EventDate "2020.08.23"]
[EventType "swiss"]
[EventCountry "CZE"]
[SourceTitle "playchess.com"]
[Source "ChessBase"]
[SourceQuality "1"]
[TimeControl "40/5400+30:1800+30"]

1. d4 Nf6 2. Nf3 g6 3. c4 c5 4. g3 b6 5. Bg2 Bb7 6. d5 Bg7 7. O-O O-O 8. Nc3 d6 9. h3 Nbd7 10. Be3 Ne8 11. Qd2 Nc7 12. Bh6 b5 13. Bxg7 Kxg7 14. cxb5 a6 15. bxa6 Rxa6 16. e4 Qa8 17. Nh4 f6 18. f4 Rb6 19. Nf3 Qa5 20. e5 dxe5 21. fxe5 Qb4 22. exf6+ Nxf6 23. a3 Qxb2 24. Qe1 Ncxd5 25. Na4 Qb5 26. Nxb6 Qxb6 27. Rb1 Qc6 28. Ng5 Bc8 29. Rd1 e6 30. Bxd5 exd5 31. Qe7+ Kg8 32. Rxf6 1-0

[Event "CZE-ch 2020"]
[Site "Pilsen"]
[Date "2020.08.26"]
[Round "4.11"]
[White "Kusa, Jakub"]
[Black "Cerveny, Petr"]
[Result "1/2-1/2"]
[ECO "B52"]
[WhiteElo "2239"]
[BlackElo "2340"]
[Annotator "ChessBase"]
[PlyCount "82"]
[EventDate "2020.08.23"]
[EventType "swiss"]
[EventCountry "CZE"]
[SourceTitle "playchess.com"]
[Source "ChessBase"]
[SourceQuality "1"]
[TimeControl "40/5400+30:1800+30"]

1. e4 c5 2. Nf3 d6 3. Bb5+ Bd7 4. Bxd7+ Qxd7 5. c4 Nf6 6. Nc3 Nc6 7. d4 cxd4 8. Nxd4 g6 9. f3 Bg7 10. Be3 O-O 11. O-O Rfc8 12. b3 Qd8 13. Qd2 Qa5 14. Rac1 a6 15. Rfd1 Nxd4 16. Bxd4 b5 17. Bxf6 Bxf6 18. Nd5 Qxd2 19. Nxf6+ Kg7 20. Ne8+ Kf8 21. Rxd2 Kxe8 22. Rdc2 Rc5 23. cxb5 Rxc2 24. Rxc2 axb5 25. Kf2 Kd7 26. Ke3 f5 27. exf5 gxf5 28. f4 e5 29. h3 h5 30. fxe5 dxe5 31. Rc5 Kd6 32. Rxb5 Rxa2 33. Rb6+ Kd5 34. Rb5+ Kd6 35. Rb6+ Kc5 36. Rf6 Rxg2 37. Rxf5 Kd5 38. Rxh5 Rg3+ 39. Ke2 Rxb3 40. Rh4 e4 41. Rh8 Ra3 1/2-1/2

[Event "CZE-ch 2020"]
[Site "Pilsen"]
[Date "2020.08.26"]
[Round "4.13"]
[White "Simet, Martin"]
[Black "Kozusek, Daniel"]
[Result "1/2-1/2"]
[ECO "C02"]
[WhiteElo "2194"]
[BlackElo "2307"]
[Annotator "ChessBase"]
[PlyCount "133"]
[EventDate "2020.08.23"]
[EventType "swiss"]
[EventCountry "CZE"]
[SourceTitle "playchess.com"]
[Source "ChessBase"]
[SourceQuality "1"]
[TimeControl "40/5400+30:1800+30"]

1. e4 c5 2. Nf3 e6 3. c3 d5 4. e5 Nc6 5. d4 Bd7 6. Be2 Nge7 7. a3 Nf5 8. b4 cxd4 9. cxd4 Qb6 10. Bb2 h5 11. h4 Be7 12. Kf1 Rc8 13. Nc3 Na5 14. Na4 Qc6 15. Nc5 Nc4 16. Bxc4 dxc4 17. Bc3 Qd5 18. Nxd7 Kxd7 19. Qd2 Kc7 20. Rd1 Kb8 21. Qf4 Rcd8 22. Nd2 Qb5 23. Rh3 Rd5 24. Kg1 Rhd8 25. Nf1 Qa4 26. Qf3 Qd7 27. Qxh5 Nxd4 28. Re1 g6 29. Qg4 Nc2 30. Rc1 Nxa3 31. Bb2 Nb5 32. Qxc4 Rc8 33. Qf4 Rxc1 34. Bxc1 Rd1 35. Bd2 Rb1 36. h5 gxh5 37. Rg3 Bd8 38. Qc4 Qxd2 39. Rd3 Rxb4 40. Nxd2 Rxc4 41. Nxc4 Kc8 42. Rf3 a5 43. Rb3 Nd4 44. Nd6+ Kc7 45. Rxb7+ Kc6 46. Rxf7 a4 47. Ra7 Ne2+ 48. Kf1 Nc3 49. Ke1 Kd5 50. Kd2 Kd4 51. Rd7 Bg5+ 52. Kc2 Nd5 53. Ra7 Kxe5 54. Nf7+ Kf6 55. Nxg5 Kxg5 56. Rxa4 h4 57. Kd2 Nf4 58. Ra8 h3 59. Rg8+ Kf5 60. gxh3 Nxh3 61. Ke3 Ng5 62. Rf8+ Kg6 63. f4 Nf7 64. Kd4 Kg7 65. Ra8 Kf6 66. Ra6 Kf5 67. Rxe6 1/2-1/2

[Event "CZE-ch 2020"]
[Site "Pilsen"]
[Date "2020.08.26"]
[Round "4.14"]
[White "Brejnik, Gustav"]
[Black "Flajsman, Pavel"]
[Result "1-0"]
[ECO "D70"]
[WhiteElo "2265"]
[BlackElo "2184"]
[Annotator "ChessBase"]
[PlyCount "93"]
[EventDate "2020.08.23"]
[EventType "swiss"]
[EventCountry "CZE"]
[SourceTitle "playchess.com"]
[Source "ChessBase"]
[SourceQuality "1"]
[TimeControl "40/5400+30:1800+30"]

1. d4 Nf6 2. c4 g6 3. f3 d5 4. cxd5 Nxd5 5. e4 Nb6 6. Nc3 Bg7 7. Be3 O-O 8. Qd2 Nc6 9. O-O-O e5 10. d5 Nd4 11. f4 c5 12. dxc6 Nxc6 13. Qf2 Bd7 14. f5 Nd4 15. Nf3 Nxf3 16. gxf3 Qc8 17. Kb1 Bc6 18. h4 Rd8 19. Bd3 Rd7 20. fxg6 fxg6 21. h5 g5 22. Bxg5 Qf8 23. h6 Bf6 24. Qh4 Rd6 25. Bc2 Nd7 26. Bb3+ Kh8 27. Rxd6 Qxd6 28. Rd1 Qe7 29. Rxd7 Bxg5 30. Rxe7 Bxh4 31. Rxe5 Re8 32. Rf5 Bf2 33. Rf7 Be3 34. f4 Bd4 35. e5 Bc5 36. Bc2 Kg8 37. Rg7+ Kf8 38. Bb3 Be3 39. Rf7+ Kg8 40. Rxb7+ Kh8 41. Rf7 Rg8 42. Kc2 Be8 43. Rf6 Bg6+ 44. f5 Bxf5+ 45. Rxf5 Rg2+ 46. Kd3 Bxh6 47. e6 1-0

[Event "CZE-ch 2020"]
[Site "Pilsen"]
[Date "2020.08.26"]
[Round "4.17"]
[White "Vybiral, Zdenek"]
[Black "Havelka, Josef"]
[Result "1/2-1/2"]
[ECO "A11"]
[WhiteElo "2221"]
[BlackElo "2367"]
[Annotator "ChessBase"]
[PlyCount "73"]
[EventDate "2020.08.23"]
[EventType "swiss"]
[EventCountry "CZE"]
[SourceTitle "playchess.com"]
[Source "ChessBase"]
[SourceQuality "1"]
[TimeControl "40/5400+30:1800+30"]

1. c4 c6 2. e4 e5 3. Nf3 d6 4. d4 Nd7 5. Nc3 Ngf6 6. Be2 Be7 7. O-O O-O 8. Be3 Ng4 9. Bd2 Re8 10. d5 Nf8 11. Ne1 Nf6 12. Nd3 Ng6 13. Re1 Bf8 14. Bf1 Bg4 15. f3 Bd7 16. Be3 Nh5 17. g3 Be7 18. dxc6 bxc6 19. c5 Be6 20. f4 exf4 21. gxf4 Bh4 22. Qxh5 Bxe1 23. Rxe1 Bc4 24. cxd6 Bxd3 25. Bxd3 Qxd6 26. Bc4 Qb4 27. Bb3 a5 28. Rf1 a4 29. Bxf7+ Kxf7 30. f5 Kg8 31. fxg6 hxg6 32. Qxg6 Rf8 33. Qe6+ Kh8 34. Qh3+ Kg8 35. Qe6+ Kh8 36. Qh3+ Kg8 37. Qe6+ 1/2-1/2

[Event "CZE-ch 2020"]
[Site "Pilsen"]
[Date "2020.08.26"]
[Round "4.18"]
[White "Serrano Salvador, Eduardo"]
[Black "Frank, Adam"]
[Result "1-0"]
[ECO "E67"]
[WhiteElo "2299"]
[BlackElo "2219"]
[Annotator "ChessBase"]
[PlyCount "103"]
[EventDate "2020.08.23"]
[EventType "swiss"]
[EventCountry "CZE"]
[SourceTitle "playchess.com"]
[Source "ChessBase"]
[SourceQuality "1"]
[TimeControl "40/5400+30:1800+30"]

1. d4 Nf6 2. Nf3 g6 3. c4 Bg7 4. g3 O-O 5. Bg2 d6 6. O-O Nbd7 7. Nc3 e5 8. h3 c6 9. e4 Qb6 10. c5 dxc5 11. dxe5 Ne8 12. Na4 Qa6 13. Bg5 b5 14. Nc3 Nc7 15. Be7 Re8 16. Bd6 Ne6 17. a4 b4 18. Ne2 Nb6 19. Nd2 Nd8 20. f4 Nb7 21. a5 Nc4 22. Nxc4 Qxc4 23. Rc1 Qb5 24. Qc2 Nxd6 25. exd6 Ba6 26. Rfe1 c4 27. e5 Qc5+ 28. Kh2 Rad8 29. Rcd1 f6 30. d7 Re7 31. Nd4 b3 32. Nxb3 Qb4 33. Nd4 Bb7 34. e6 f5 35. a6 Ba8 36. Re2 Qc5 37. Nf3 h6 38. Nd2 c3 39. bxc3 Qb5 40. Nb3 Qxa6 41. Qd3 Qb6 42. Qc4 Bf6 43. Nc5 Qa5 44. Rd3 Kh7 45. Ra2 Qc7 46. Qa6 Rg7 47. Qxa7 Qxa7 48. Rxa7 Be7 49. Na6 Rgg8 50. Nc7 Bc5 51. Rxa8 Rxa8 52. Nxa8 1-0

[Event "CZE-ch 2020"]
[Site "Pilsen"]
[Date "2020.08.26"]
[Round "4.20"]
[White "Brozka, Karel"]
[Black "Vorisek, Jaroslav"]
[Result "1/2-1/2"]
[ECO "D31"]
[WhiteElo "1991"]
[BlackElo "2279"]
[Annotator "ChessBase"]
[PlyCount "72"]
[EventDate "2020.08.23"]
[EventType "swiss"]
[EventCountry "CZE"]
[SourceTitle "playchess.com"]
[Source "ChessBase"]
[SourceQuality "1"]
[TimeControl "40/5400+30:1800+30"]

1. d4 d5 2. c4 e6 3. Nc3 a6 4. a4 Bb4 5. Nf3 Nf6 6. Bg5 c5 7. Bxf6 Qxf6 8. e3 Nc6 9. cxd5 exd5 10. Be2 cxd4 11. Nxd4 Be6 12. O-O O-O 13. Bf3 Bd6 14. Bxd5 Bxd5 15. Nxd5 Qe5 16. Nf3 Qxb2 17. Rb1 Qa3 18. Rxb7 Rab8 19. Rxb8 Rxb8 20. Qc2 Ne5 21. Nxe5 Bxe5 22. Qc6 a5 23. g3 h5 24. h4 g6 25. f4 Bd4 26. Re1 Rd8 27. Qc4 Bc5 28. Qe4 Qb3 29. Nf6+ Kf8 30. Qe5 Bb4 31. Rf1 Rd1 32. Rxd1 Qxd1+ 33. Kg2 Qe2+ 34. Kh3 Qf1+ 35. Kh2 Qf2+ 36. Kh3 Qf1+ 1/2-1/2

[Event "CZE-ch 2020"]
[Site "Pilsen"]
[Date "2020.08.26"]
[Round "4.21"]
[White "Svanda, Ondrej"]
[Black "Pokrupa, Marek"]
[Result "1-0"]
[ECO "C09"]
[WhiteElo "2250"]
[BlackElo "2164"]
[Annotator "ChessBase"]
[PlyCount "129"]
[EventDate "2020.08.23"]
[EventType "swiss"]
[EventCountry "CZE"]
[SourceTitle "playchess.com"]
[Source "ChessBase"]
[SourceQuality "1"]
[TimeControl "40/5400+30:1800+30"]

1. e4 e6 2. d4 d5 3. Nd2 c5 4. Ngf3 Nc6 5. exd5 exd5 6. Bb5 Bd6 7. O-O Nge7 8. dxc5 Bxc5 9. Nb3 Bb6 10. Re1 O-O 11. Bg5 Qd6 12. c4 Be6 13. Rc1 Bd8 14. c5 Qc7 15. Nfd4 Bd7 16. Bd3 a6 17. Bh4 Qc8 18. Bg3 Nxd4 19. Nxd4 Nc6 20. Qh5 f5 21. Nxc6 Qxc6 22. Bd6 Rf7 23. Qf3 Ba5 24. Re5 Rc8 25. Qxd5 Qxd5 26. Rxd5 Bc7 27. Bc4 Be6 28. Bxc7 Bxd5 29. Bxd5 Rcxc7 30. g3 Kf8 31. Bxf7 Kxf7 32. Kg2 Ke6 33. Kf3 Kd5 34. Kf4 a5 35. f3 g6 36. Kg5 Kd4 37. Rc3 a4 38. h4 a3 39. Rxa3 Rxc5 40. Rb3 Rc7 41. h5 gxh5 42. Kxf5 Rc5+ 43. Ke6 Rc6+ 44. Kf5 Rc5+ 45. Kf6 Rc6+ 46. Kg5 Rg6+ 47. Kh4 b6 48. f4 Ke4 49. Kxh5 Rd6 50. Rb4+ Kf5 51. g4+ Kf6 52. Rb5 Kg7 53. g5 h6 54. f5 hxg5 55. Kxg5 Kf7 56. a4 Rc6 57. b4 Rd6 58. a5 bxa5 59. bxa5 Ra6 60. f6 Ra7 61. Kf5 Rd7 62. a6 Kg8 63. Kg6 Rg7+ 64. Kf5 Ra7 65. Rb8+ 1-0

[Event "CZE-ch 2020"]
[Site "Pilsen"]
[Date "2020.08.26"]
[Round "4.22"]
[White "Nytra, Ondrej"]
[Black "Jurek, Josef"]
[Result "1-0"]
[ECO "C02"]
[WhiteElo "1925"]
[BlackElo "2234"]
[Annotator "ChessBase"]
[PlyCount "49"]
[EventDate "2020.08.23"]
[EventType "swiss"]
[EventCountry "CZE"]
[SourceTitle "playchess.com"]
[Source "ChessBase"]
[SourceQuality "1"]
[TimeControl "40/5400+30:1800+30"]

1. e4 e6 2. d4 d5 3. e5 c5 4. c3 Nc6 5. Nf3 Bd7 6. Be2 Nge7 7. O-O Ng6 8. g3 Be7 9. h4 O-O 10. h5 Nh8 11. dxc5 Bxc5 12. c4 dxc4 13. Bxc4 Qe8 14. Nc3 Rd8 15. Ne4 Be7 16. Bd2 f6 17. exf6 Bxf6 18. Nxf6+ gxf6 19. Bh6 Qxh5 20. Bxf8 Kxf8 21. Qd6+ Ke8 22. Bxe6 Qxf3 23. Bd5 Qh5 24. Rae1+ Ne5 25. Qxf6 1-0

[Event "CZE-ch 2020"]
[Site "Pilsen"]
[Date "2020.08.26"]
[Round "4.23"]
[White "Vojta, Jakub"]
[Black "Simek, Petr"]
[Result "1-0"]
[ECO "B31"]
[WhiteElo "2093"]
[BlackElo "2324"]
[Annotator "ChessBase"]
[PlyCount "63"]
[EventDate "2020.08.23"]
[EventType "swiss"]
[EventCountry "CZE"]
[SourceTitle "playchess.com"]
[Source "ChessBase"]
[SourceQuality "1"]
[TimeControl "40/5400+30:1800+30"]

1. e4 c5 2. Nf3 Nc6 3. Bb5 g6 4. O-O Bg7 5. Re1 e5 6. b4 Nxb4 7. Bb2 Qc7 8. d4 a6 9. Bc4 cxd4 10. Bb3 Nc6 11. c3 Nge7 12. cxd4 exd4 13. Nbd2 O-O 14. Ba3 b5 15. Rc1 Qb8 16. e5 b4 17. Bb2 d6 18. e6 Bxe6 19. Bxe6 fxe6 20. Rxe6 Ra7 21. Ne4 d5 22. Nc5 Rf5 23. Nxd4 Nxd4 24. Bxd4 Bxd4 25. Qxd4 Qf4 26. Qb2 a5 27. Rce1 Kf7 28. Nd3 Qh6 29. Ne5+ Kg8 30. Ng4 Qh4 31. Rxe7 Rxe7 32. Rxe7 1-0

[Event "CZE-ch 2020"]
[Site "Pilsen"]
[Date "2020.08.26"]
[Round "4.24"]
[White "Stinka, Jakub"]
[Black "Pychova, Nela"]
[Result "1-0"]
[ECO "E11"]
[WhiteElo "2299"]
[BlackElo "2159"]
[Annotator "ChessBase"]
[PlyCount "67"]
[EventDate "2020.08.23"]
[EventType "swiss"]
[EventCountry "CZE"]
[SourceTitle "playchess.com"]
[Source "ChessBase"]
[SourceQuality "1"]
[TimeControl "40/5400+30:1800+30"]

1. d4 Nf6 2. c4 e6 3. Nf3 Bb4+ 4. Nbd2 O-O 5. a3 Bxd2+ 6. Bxd2 d6 7. Bg5 Nbd7 8. e3 e5 9. Be2 Re8 10. O-O h6 11. Bh4 Qe7 12. Qc2 c5 13. d5 Nf8 14. Nd2 Ng6 15. Bxf6 Qxf6 16. Bd3 Nf8 17. f4 exf4 18. Rxf4 Qe7 19. Raf1 f6 20. Re4 Qf7 21. Rxe8 Qxe8 22. Ne4 Qe7 23. Qf2 f5 24. Ng3 g6 25. Qf4 Qg5 26. Qf3 Nd7 27. h4 Qe7 28. Qf4 Qe5 29. h5 Qxf4 30. exf4 Nf8 31. hxg6 Nxg6 32. Bxf5 Ne7 33. Be6+ Kf8 34. f5 1-0

[Event "CZE-ch 2020"]
[Site "Pilsen"]
[Date "2020.08.26"]
[Round "4.26"]
[White "Taus, Martin"]
[Black "Kawulok, Marek"]
[Result "0-1"]
[ECO "C55"]
[WhiteElo "2142"]
[BlackElo "2226"]
[Annotator "ChessBase"]
[PlyCount "68"]
[EventDate "2020.08.23"]
[EventType "swiss"]
[EventCountry "CZE"]
[SourceTitle "playchess.com"]
[Source "ChessBase"]
[SourceQuality "1"]
[TimeControl "40/5400+30:1800+30"]

1. e4 e5 2. Nf3 Nc6 3. d4 exd4 4. Bc4 Nf6 5. e5 d5 6. Bb5 Ne4 7. Nxd4 Bd7 8. Bxc6 bxc6 9. O-O Bc5 10. f3 Ng5 11. Be3 Bb6 12. f4 Ne4 13. Nd2 Nxd2 14. Qxd2 c5 15. Nf3 Bc6 16. c3 d4 17. cxd4 Bxf3 18. Rxf3 cxd4 19. Bf2 Qd5 20. a4 a5 21. Qd3 O-O 22. Rh3 g6 23. Bh4 c5 24. Bf6 Bd8 25. Qg3 Bxf6 26. exf6 Qf5 27. Qh4 h5 28. Rg3 Ra6 29. Rg5 Qxf6 30. Qxh5 Re8 31. f5 Qe5 32. fxg6 Qe3+ 33. Kf1 Rf6+ 34. Rf5 fxg6 0-1

[Event "CZE-ch 2020"]
[Site "Pilsen"]
[Date "2020.08.26"]
[Round "4.27"]
[White "Gnojek, Petr"]
[Black "Bartos, Jan"]
[Result "1-0"]
[ECO "A84"]
[WhiteElo "2225"]
[BlackElo "2131"]
[Annotator "ChessBase"]
[PlyCount "123"]
[EventDate "2020.08.23"]
[EventType "swiss"]
[EventCountry "CZE"]
[SourceTitle "playchess.com"]
[Source "ChessBase"]
[SourceQuality "1"]
[TimeControl "40/5400+30:1800+30"]

1. d4 e6 2. c4 f5 3. Nc3 Nf6 4. Nf3 Bb4 5. Qc2 b6 6. a3 Bxc3+ 7. Qxc3 Bb7 8. e3 Ne4 9. Qc2 a5 10. b3 O-O 11. Be2 d6 12. O-O Nd7 13. Bb2 Qe7 14. Rad1 Ng5 15. d5 Nxf3+ 16. Bxf3 e5 17. g3 e4 18. Bg2 Qg5 19. f4 exf3 20. Rxf3 Rae8 21. Rdf1 Bc8 22. Bd4 Nf6 23. Rf4 Ng4 24. e4 fxe4 25. Qxe4 Qh5 26. Rxf8+ Rxf8 27. h4 Rxf1+ 28. Bxf1 Ne5 29. Be2 Qf5 30. Qxf5 Bxf5 31. Kf2 Bc2 32. Bxe5 dxe5 33. b4 axb4 34. axb4 Kf7 35. Ke3 h6 36. Bd3 Bb3 37. Ke4 Kf6 38. c5 bxc5 39. bxc5 Ba4 40. c6 g6 41. Ke3 g5 42. hxg5+ Kxg5 43. Be4 h5 44. Bf3 Bc2 45. Be2 Bf5 46. Bd3 Bc8 47. Bh7 Bh3 48. Ke4 Kf6 49. Ke3 Bg2 50. Be4 Bh3 51. Bf3 Kg5 52. Ke4 h4 53. gxh4+ Kxh4 54. Kxe5 Kg5 55. d6 cxd6+ 56. Kxd6 Kf6 57. Bd5 Bg4 58. c7 Bc8 59. Bc6 Ba6 60. Bd7 Kf7 61. Kc6 Ke7 62. Bh3 1-0

[Event "CZE-ch 2020"]
[Site "Pilsen"]
[Date "2020.08.26"]
[Round "4.28"]
[White "Eret, Jonas"]
[Black "Folk, Petr"]
[Result "1/2-1/2"]
[ECO "A01"]
[WhiteElo "2219"]
[BlackElo "2122"]
[Annotator "RC"]
[PlyCount "100"]
[EventDate "2020.08.23"]
[EventType "swiss"]
[EventCountry "CZE"]
[SourceTitle "playchess.com"]
[Source "ChessBase"]
[SourceQuality "1"]
[TimeControl "40/5400+30:1800+30"]

1. b3 d5 2. Bb2 Bg4 3. f3 Bf5 4. e3 e6 5. Ne2 Nf6 6. d4 Nbd7 7. Nbc3 c5 8. Qd2 Be7 9. O-O-O Rc8 10. Kb1 h5 11. dxc5 Nxc5 12. Nd4 Bg6 13. Bb5+ Kf8 14. Bf1 a6 15. e4 dxe4 16. b4 e5 17. bxc5 exd4 18. Na4 exf3 19. Qxd4 b5 20. Nb6 Bxc2+ 21. Kxc2 Qxb6 22. Kb1 Qc6 23. Qf2 Bxc5 24. Qxf3 Qe4+ 25. Bd3 Qxf3 26. gxf3 Re8 27. Rc1 Bb4 28. Rhg1 Rh6 29. Be4 Bd6 30. Rg2 Be5 31. Ba3+ Kg8 32. Rc6 Re6 33. Rc8+ Re8 34. Rc6 a5 35. Bc1 Nxe4 36. Bxh6 Nc3+ 37. Kc1 b4 38. Rc4 Kh7 39. Bg5 f6 40. Bh4 g5 41. Bg3 Bxg3 42. hxg3 Re2 43. Rxe2 Nxe2+ 44. Kd2 Nxg3 45. Ke1 Kg6 46. Kf2 Nf5 47. Rc5 Nd4 48. Rd5 Nc6 49. Rc5 Nd4 50. Rd5 Nc6 1/2-1/2

[Event "CZE-ch 2020"]
[Site "Pilsen"]
[Date "2020.08.26"]
[Round "4.29"]
[White "Hlozek, David"]
[Black "Vorisek, Jakub"]
[Result "1/2-1/2"]
[ECO "A57"]
[WhiteElo "2037"]
[BlackElo "2205"]
[Annotator "ChessBase"]
[PlyCount "62"]
[EventDate "2020.08.23"]
[EventType "swiss"]
[EventCountry "CZE"]
[SourceTitle "playchess.com"]
[Source "ChessBase"]
[SourceQuality "1"]
[TimeControl "40/5400+30:1800+30"]

1. d4 Nf6 2. c4 c5 3. d5 b5 4. b3 g6 5. Bb2 Bg7 6. Nd2 bxc4 7. bxc4 O-O 8. Ngf3 d6 9. e4 Qa5 10. e5 Ng4 11. h3 Nxe5 12. Nxe5 dxe5 13. Bd3 f5 14. O-O Nd7 15. Nb3 Qc7 16. Re1 Ba6 17. Qc2 e4 18. Bf1 Ne5 19. Rad1 Rfe8 20. Ba3 Nd7 21. Qd2 Be5 22. Kh1 Rad8 23. g4 fxg4 24. Rxe4 Nf6 25. Ree1 Bd6 26. Qe3 Bc8 27. Bxc5 Bxc5 28. Qxc5 Qxc5 29. Nxc5 e5 30. Ne4 Nxe4 31. Rxe4 Bf5 1/2-1/2

[Event "CZE-ch 2020"]
[Site "Pilsen"]
[Date "2020.08.26"]
[Round "4.30"]
[White "Ludvik, Tomas"]
[Black "Koubova, Anna Marie"]
[Result "1-0"]
[ECO "A52"]
[WhiteElo "2202"]
[BlackElo "2099"]
[Annotator "ChessBase"]
[PlyCount "73"]
[EventDate "2020.08.23"]
[EventType "swiss"]
[EventCountry "CZE"]
[SourceTitle "playchess.com"]
[Source "ChessBase"]
[SourceQuality "1"]
[TimeControl "40/5400+30:1800+30"]

1. d4 Nf6 2. c4 e5 3. dxe5 Ng4 4. Bf4 Nc6 5. Nf3 Bb4+ 6. Nbd2 Qe7 7. e3 Ngxe5 8. Nxe5 Nxe5 9. Be2 Ng6 10. Bg3 Bd6 11. Bxd6 Qxd6 12. O-O O-O 13. Rc1 b6 14. Nf3 Qxd1 15. Rfxd1 d6 16. Nd4 Bb7 17. Nb5 Rac8 18. Nxa7 Ra8 19. Nb5 Rxa2 20. Rd2 Nh4 21. f3 Rc8 22. Kf2 Raa8 23. b4 Ng6 24. c5 dxc5 25. bxc5 bxc5 26. Rxc5 c6 27. Nd6 Rd8 28. Rd4 Ba6 29. Bd1 Bb5 30. Bb3 Rf8 31. Rf5 Ne7 32. Bxf7+ Kh8 33. Re5 Ra7 34. Bb3 g6 35. Nxb5 cxb5 36. Rxb5 Nc6 37. Rd2 1-0

[Event "CZE-ch 2020"]
[Site "Pilsen"]
[Date "2020.08.26"]
[Round "4.31"]
[White "Kopriva, Martin"]
[Black "Houska, Jiri"]
[Result "0-1"]
[ECO "D97"]
[WhiteElo "2079"]
[BlackElo "2202"]
[Annotator "ChessBase"]
[PlyCount "64"]
[EventDate "2020.08.23"]
[EventType "swiss"]
[EventCountry "CZE"]
[SourceTitle "playchess.com"]
[Source "ChessBase"]
[SourceQuality "1"]
[TimeControl "40/5400+30:1800+30"]

1. d4 Nf6 2. c4 g6 3. Nc3 d5 4. Nf3 Bg7 5. Qb3 dxc4 6. Qxc4 O-O 7. e4 Na6 8. Bg5 c5 9. d5 h6 10. Bh4 b5 11. Qd3 c4 12. Qe3 Qa5 13. Nd2 Ng4 14. Qf3 Ne5 15. Qe3 Nb4 16. Rc1 g5 17. Bg3 Ned3+ 18. Bxd3 Nxd3+ 19. Ke2 b4 20. Nxc4 Nxc1+ 21. Rxc1 Ba6 22. Nd1 Qxa2 23. Qd3 Rac8 24. Nde3 b3 25. e5 Qa4 26. Kf3 Rc5 27. d6 exd6 28. exd6 Bxb2 29. d7 Rd8 30. Nf5 Qc6+ 31. Ke2 Rxf5 32. Qxf5 Bxc1 0-1

[Event "CZE-ch 2020"]
[Site "Pilsen"]
[Date "2020.08.26"]
[Round "4.32"]
[White "Novotny, Martin"]
[Black "Jun, Rudolf"]
[Result "1/2-1/2"]
[ECO "A48"]
[WhiteElo "2180"]
[BlackElo "2094"]
[Annotator "ChessBase"]
[PlyCount "73"]
[EventDate "2020.08.23"]
[EventType "swiss"]
[EventCountry "CZE"]
[SourceTitle "playchess.com"]
[Source "ChessBase"]
[SourceQuality "1"]
[TimeControl "40/5400+30:1800+30"]

1. d4 Nf6 2. Nf3 g6 3. c4 Bg7 4. Nc3 O-O 5. e4 d6 6. h3 e5 7. dxe5 dxe5 8. Qxd8 Rxd8 9. Nd5 Nxd5 10. cxd5 Nd7 11. Bg5 f6 12. Be3 c6 13. dxc6 bxc6 14. Bc4+ Kf8 15. O-O-O Bb7 16. Bb3 Ke8 17. Rd2 Nb6 18. Rhd1 Rxd2 19. Nxd2 Rd8 20. a4 Bf8 21. Nc4 c5 22. f3 Ba6 23. Rxd8+ Kxd8 24. Nd2 Kd7 25. a5 Nc8 26. Ba4+ Ke6 27. Kd1 f5 28. Ke1 c4 29. Bc6 Bb4 30. Kd1 Ne7 31. Ba4 Bxa5 32. Bxa7 Nc8 33. Bc5 Ne7 34. g3 c3 35. bxc3 Bxc3 36. Bb3+ Kf6 37. Bd6 1/2-1/2

[Event "CZE-ch 2020"]
[Site "Pilsen"]
[Date "2020.08.26"]
[Round "4.34"]
[White "Placer, Sebastian"]
[Black "Nemcova, Karin"]
[Result "0-1"]
[ECO "E36"]
[WhiteElo "2097"]
[BlackElo "1983"]
[Annotator "ChessBase"]
[PlyCount "82"]
[EventDate "2020.08.23"]
[EventType "swiss"]
[EventCountry "CZE"]
[SourceTitle "playchess.com"]
[Source "ChessBase"]
[SourceQuality "1"]
[TimeControl "40/5400+30:1800+30"]

1. d4 Nf6 2. c4 e6 3. Nc3 Bb4 4. Qc2 d5 5. a3 Bxc3+ 6. Qxc3 c5 7. dxc5 d4 8. Qc2 Nc6 9. e3 e5 10. b4 O-O 11. Be2 Be6 12. Bb2 dxe3 13. fxe3 Ng4 14. Bxg4 Qh4+ 15. Qf2 Qxg4 16. Nf3 Qxc4 17. Rc1 Qa6 18. Qe2 Qxe2+ 19. Kxe2 f6 20. Nd2 Bd5 21. Rhg1 a6 22. g3 Rad8 23. Rgd1 Be6 24. Rf1 Bg4+ 25. Ke1 Rd3 26. Nc4 Rfd8 27. Rc2 Bh3 28. Rg1 Be6 29. Nd6 Rxe3+ 30. Kf2 Rd3 31. Ke2 e4 32. Re1 Rd7 33. Kf2 f5 34. Re3 Rd1 35. Re1 Rd5 36. Nc4 Rd3 37. Nd6 Na7 38. Re3 Nb5 39. Nxb5 axb5 40. Rc3 Rd2+ 41. Re2 Bc4 0-1